 Dungeon Crawl Stone Soup version 0.23-a0-356-g1757c6e (webtiles) character file.

88160 namelastname112 the Slicer (level 15, -3/134 HPs)
             Began as a Pale Draconian Wanderer on Oct 21, 2018.
             Was an Initiate of Gozag.
             Shot with a bolt by an orc knight (24 damage)
             ... on level 2 of the Orcish Mines.
             The game lasted 00:53:41 (28558 turns).

namelastname112 the Slicer (DrWn)                  Turns: 28558, Time: 00:53:42

Health: -3/134     AC: 13    Str: 15    XL:     15   Next: 45%
Magic:  33/33      EV: 17    Int: 15    God:    Gozag
Gold:   3506       SH:  0    Dex: 11    Spells: 14/14 levels left

rFire    . . .     SeeInvis .   I - +5 pair of quick blades "Gyre" and "Gimble" {pierce, Dex-3}
rCold    + . .     Gourm    .   (shield currently unavailable)
rNeg     . . .     Faith    .   (armour unavailable)
rPois    +         Spirit   .   (helmet restricted)
rElec    +         Reflect  .   L - +0 cloak {+Inv}
rCorr    .         Harm     .   O - +1 pair of gloves of Truth {Stlth+}
MR       ++...                  R - +0 pair of boots of Muobbeh {rElec rC+ MP+9}
Stlth    ++++++....             N - amulet of regeneration
HPRegen  0.72/turn              i - ring of poison resistance
MPRegen  0.23/turn              F - ring of protection from magic

@: no status effects
A: breathe steam, unfitting armour, cold-blooded, AC +9
a: Breathe Steam, Potion Petition, Call Merchant, Bribe Branch, Renounce
Religion, Evoke Invisibility


You were on level 2 of the Orcish Mines.
You worshipped Gozag.
Gozag was most pleased with you.
You were not hungry.

You visited 4 branches of the dungeon, and saw 24 of its levels.

You collected 7804 gold pieces.
You spent 1669 gold pieces at shops.
You paid 2629 gold pieces to Gozag.

Inventory:

Hand Weapons
 b - a +2 blowgun
 I - the +5 pair of quick blades "Gyre" and "Gimble" (weapon) {pierce, Dex-3}
   (You bought it in a shop on level 9 of the Dungeon)

   It inflicts extra damage upon your enemies.
   It affects your dexterity (-3).
Missiles
 c - 15 curare-tipped needles
 C - 100 poisoned needles
 J - 3 throwing nets (quivered)
Armour
 L - a +0 cloak of invisibility (worn)
 O - the +1 pair of gloves of Truth (worn) {Stlth+}
   (You found it on level 13 of the Dungeon)

   It makes you more stealthy.
 R - the +0 pair of boots of Muobbeh (worn) {rElec rC+ MP+9}
   (You bought it in a shop on level 1 of the Lair of Beasts)

   It protects you from cold.
   It insulates you from electricity.
   It affects your magic capacity (+9).
 V - the +1 cloak of Kikubaaqudgha's Envy {MR++}
   (You bought it in a shop on level 1 of the Lair of Beasts)

   It affects your resistance to hostile enchantments.
Jewellery
 a - an uncursed amulet of the acrobat
 i - a ring of poison resistance (left hand)
 y - an uncursed ring of ice
 F - a ring of protection from magic (right hand)
 N - an amulet of regeneration (around neck)
Wands
 h - a wand of polymorph (22)
 n - a wand of iceblast (26)
 v - a wand of acid (6)
 w - a wand of enslavement (1)
 B - a wand of flame (102)
 E - a wand of digging (28)
 M - a wand of disintegration (13)
 U - a wand of clouds (16)
Scrolls
 d - 2 scrolls of fog
 e - 2 scrolls of teleportation
 g - 9 scrolls of identify
 l - 5 scrolls of magic mapping
 o - a scroll of brand weapon
 p - 7 scrolls of amnesia
 q - 5 scrolls of remove curse
 r - 6 scrolls of immolation
 u - 3 scrolls of enchant armour
 D - a scroll of enchant weapon
 G - a scroll of summoning
 S - a scroll of silence
 T - a scroll of blinking
Potions
 j - 2 potions of berserk rage
 k - 6 potions of curing
 m - 2 potions of resistance
 s - 4 potions of brilliance
 t - 3 potions of haste
 x - a potion of heal wounds
 z - a potion of lignification
 A - 8 potions of might
 H - 4 potions of mutation
 K - 2 potions of flight
 P - 3 potions of agility
Miscellaneous
 Q - a lamp of fire
Comestibles
 f - 20 rations


   Skills:
 + Level 12.5 Fighting
 + Level 13.7(13.8) Short Blades
   Level 2.2(9.4) Long Blades
 - Level 1.7 Throwing
 + Level 10.9 Dodging
 + Level 13.5 Stealth
   Level 2.0 Translocations
   Level 1.0 Earth Magic
 + Level 12.6 Evocations


You had 14 spell levels left.
You didn't know any spells.
Your spell library contained the following spells:

 Spells                   Type           Power        Failure   Level  Hunger
 Corona                   Hex            #......      26%         1    ##.....
 Infusion                 Chrm           #...         26%         1    ##.....
 Summon Small Mammal      Summ           #...         26%         1    ##.....
 Shroud of Golubria       Chrm/Tloc      #.........   26%         2    ###....
 Call Imp                 Summ           #.......     38%         2    ###....
 Ensorcelled Hibernation  Hex/Ice        #.....       38%         2    ###....
 Poisonous Vapours        Pois/Air       #.....       38%         2    ###....
 Song of Slaying          Chrm           #.......     38%         2    ###....
 Recall                   Summ/Tloc      N/A          47%         3    ####...
 Call Canine Familiar     Summ           #.......     63%         3    ####...
 Confuse                  Hex            #.......     63%         3    ####...
 Conjure Flame            Conj/Fire      #.......     63%         3    ####...
 Dazzling Spray           Conj/Hex       #.....       63%         3    ####...
 Mephitic Cloud           Conj/Pois/Air  #.......     63%         3    ####...
 Regeneration             Chrm/Necr      #.........   63%         3    ####...
 Spectral Weapon          Hex/Chrm       #.......     63%         3    ####...
 Summon Guardian Golem    Hex/Summ       #.......     63%         3    ####...
 Tukima's Dance           Hex            #.......     63%         3    ####...
 Animate Dead             Necr           N/A          95%         4    #####..
 Summon Ice Beast         Ice/Summ       #.......     95%         4    #####..
 Summon Lightning Spire   Summ/Air       #.......     95%         4    #####..
 Borgnjor's Vile Clutch   Necr/Erth      #.........   99%         5    ######.
 Death Channel            Necr           #.........   100%        6    #######
 Freezing Cloud           Conj/Ice/Air   #.........   100%        6    #######
 Simulacrum               Ice/Necr       #.........   100%        6    #######
 Ring of Flames           Chrm/Fire      #.........   100%        7    #######


Dungeon Overview and Level Annotations

Branches:
Dungeon (15/15)            Temple (1/1) D:4            Lair (6/6) D:10
  Swamp (0/4) Lair:2       Spider (0/4) Lair:2        Slime (0/5) Lair:6
    Orc (2/2) D:9             Elf (0/3) Orc:2        Vaults (0/5) D:14
 Depths: D:15

Altars:
Ashenzari
Cheibriados
Dithmenos
Elyvilon
Fedhas
Gozag
Hepliaklqana
Kikubaaqudgha
Makhleb
Nemelex Xobeh
Okawaru
Qazlal
Ru
Sif Muna
Trog
Uskayaw
Vehumet
Wu Jian
Xom
Yredelemnul
Zin
The Shining One
Jiyva

Shops:
D:7 *?   D:9 (   Lair:1 *[

Annotations:
D:4 3 runed doors, heinrich's ghost, amateur OpEE
D:5 2 transporters
D:14 exclusion: Roxanne, Roxanne
Orc:1 2 transporters, Daziep's ghost, journeyman GnAs


Innate Abilities, Weirdness & Mutations

You can breathe blasts of scalding, opaque steam.
Your pale cyan-grey scales are hard. (AC +9)
You cannot fit into any form of body armour.
You are cold-blooded and may be slowed by cold attacks.


Message History

The scroll dissolves into smoke.
The orc knight shoots a bolt.
The bolt misses you.
You have got your breath back.
You are no longer corroded.
You see here a +0 hand axe.
Things that are here:
a +3 leather armour; a +0 hand axe
Items here: )) [[ a +0 chain mail; a +0 war axe; a cursed +0 plate armour; a +2 vampiric trident The orc knight shoots a bolt.
The bolt hits you!!
* * * LOW HITPOINT WARNING * * *
You see here a bolt.
You take 33 damage, and have 19/134 hp.
MASSIVE DAMAGE!!
The orc knight shoots a bolt.
The bolt completely misses you.
You see here a bolt.
As you read the scroll of fog, it crumbles to dust.
The scroll dissolves into smoke.
The orc knight shoots a bolt.
The bolt hits you!!
You die...
Your body crumbles into a pile of gold.

##............#..........
##..........####...<....
#.........## #..#..... ##
##.#)[...## #........
.######## #.......##
##.......
...##.#.####.##[.## ##
####...#
.........######.#####.##
#..##
##.......#.###.§.#§#...#
##.##.
###........#..§@§§...#
#.....
####.........§§§§§...##
##.##.
##.............§§§.....#
#####
..............§§§§§...##
...........)...[....###
..............[[#...#
..............####.##
...........o)### ###
...........o..§# #####


You could see an orc knight.

Vanquished Creatures
  Rupert (D:12)
  Kirke (D:14)
  A stone giant (Orc:1)
  Snorg (Orc:1)
  A fire dragon (Lair:6)
  Josephine (D:10)
  3 vault guards (D:14)
  A great orb of eyes (D:12)
  6 hydras
  3 centaur warriors
  A two-headed ogre (D:11)
  3 death yaks
  A tengu warrior (D:13)
  6 orc high priests
  Nergalle (Orc:1)
  5 skeletal warriors (D:15)
  3 unseen horrors
  A wolf spider zombie (D:14)
  2 orc knights (Orc:2)
  An orb spider (Lair:2)
  A lindwurm (Lair:6)
  3 deep elf magi
  5 ugly things
  An orc sorcerer (Orc:2)
  A centaur zombie (D:11)
  3 cyclopes
  4 manticores
  9 elephants
  Maurice (D:11)
  3 molten gargoyles (Lair:6)
  A gargoyle (D:14)
  Psyche (D:12)
  9 black mambas (Lair:6)
  8 spiny frogs
  13 komodo dragons
  2 rime drakes
  A jumping spider (shapeshifter) (D:15)
  6 trolls
  A merfolk (D:10)
  A tengu conjurer (D:13)
  A hornet (D:8)
  11 blink frogs
  A slime creature (D:14)
  13 dream sheep
  A centaur simulacrum (D:15)
  11 hippogriffs
  Sigmund (D:5)
  A shadow (D:14)
  4 wraiths
  3 vampires
  37 yaks
  A fire bat (D:10)
  5 wyverns
  3 steam dragons (Lair:6)
  11 basilisks
  A hungry ghost (D:9)
  A hog (D:14)
  10 vampire mosquitoes
  3 hell hounds (Lair:6)
  2 acid dragons
  3 wargs
  Duvessa (D:6)
  12 water moccasins
  10 porcupines
  A sky beast (D:6)
  A swamp drake (Lair:2)
  3 black bears
  42 orc warriors
  A phantom (D:9)
  5 ice beasts
  A necrophage (D:12)
  13 ogres
  10 wolves
  10 centaurs
  11 crocodiles
  3 big kobolds
  17 bullfrogs
  2 gnoll sergeants
  Dowan (D:6)
  9 killer bees
  4 scorpions
  8 wights
  A howler monkey (D:14)
  5 crimson imps
  9 hounds
  4 jellies
  7 lava snakes
  A quasit (D:11)
  3 bullfrog zombies
  26 orc wizards
  5 centaur skeletons
  3 gnoll shamans (D:3)
  33 orc priests
  A bullfrog skeleton (D:10)
  3 iguanas
  Natasha (D:1)
  4 hell rats (D:14)
  9 worker ants
  Robin (D:2)
  13 adders
  40 gnolls
  3 river rats
  2 shadow imps
  A white imp (D:11)
  A worm (D:2)
  2 dart slugs (D:1)
  5 leopard geckos
  101 orcs
  8 bats
  4 giant cockroaches
  14 goblins
  10 hobgoblins
  32 jackals
  16 kobolds
  11 quokkas
  3 ball pythons
  6 frilled lizards
  A giant cockroach zombie (D:5)
  A leopard gecko skeleton (D:7)
  2 quokka skeletons (D:5)
  5 rats
  A fungus (D:4)
  A plant (Lair:6)
805 creatures vanquished.

Vanquished Creatures (collateral kills)
  An ugly thing (D:14)
1 creature vanquished.

Vanquished Creatures (others)
  An orc high priest (Orc:2)
  2 humans (D:14)
  An orc priest (Orc:1)
  An orc (Orc:2)
  A goblin (D:2)
  A quokka (D:15)
  6 fungi
  26 plants
39 creatures vanquished.

Grand Total: 845 creatures vanquished

Notes
Turn   | Place    | Note
-------+----------+-------------------------------------------
     0 | D:1      | namelastname112 the Draconian Wanderer began the quest for
                  | the Orb.
     0 | D:1      | namelastname112 set off with: 4 curare-tipped needles, a +2
                  | blowgun, a +0 short sword, a potion of curing, a ration
     0 | D:1      | Reached XP level 1. HP: 16/16 MP: 1/1
   168 | D:1      | Reached XP level 2. HP: 7/23 MP: 2/2
   399 | D:1      | Reached skill level 1 in Stealth
   737 | D:2      | Noticed Robin
   737 | D:2      | Noticed Natasha
   763 | D:2      | Reached XP level 3. HP: 25/28 MP: 3/3
  1319 | D:1      | Killed Natasha
  1488 | D:2      | Reached XP level 4. HP: 32/36 MP: 4/4
  1514 | D:2      | Killed Robin
  1958 | D:3      | Reached XP level 5. HP: 18/41 MP: 5/5
  2803 | D:4      | Reached XP level 6. HP: 31/50 MP: 6/6
  2977 | D:4      | Your scales start taking on a pale cyan-grey colour.
  2977 | D:4      | Reached XP level 7. HP: 25/57 MP: 7/7
  3235 | D:4      | Found a runed gate.
  3235 | D:4      | Found a runed gate.
  3236 | D:4      | Found a runed gate.
  3304 | D:4      | Found a staircase to the Ecumenical Temple.
  3316 | Temple   | Entered the Ecumenical Temple
  3421 | Temple   | Became a worshipper of Gozag Ym Sagoz the Greedy
  3608 | D:4      | Reached skill level 5 in Short Blades
  4631 | D:4      | Noticed heinrich's ghost (amateur OpEE)
  5662 | D:3      | Reached skill level 5 in Stealth
  5678 | D:3      | Reached XP level 8. HP: 47/66 MP: 8/8
  6137 | D:5      | Entered Level 5 of the Dungeon
  6217 | D:5      | Found a transporter.
  6236 | D:5      | Noticed Sigmund
  6250 | D:5      | Found a transporter.
  6252 | D:5      | Killed Sigmund
  6752 | D:6      | Found a basalt altar of Yredelemnul.
  6861 | D:6      | Found a deep blue altar of Sif Muna.
  6911 | D:6      | Reached skill level 5 in Fighting
  6931 | D:6      | Noticed Duvessa
  6931 | D:6      | Noticed Dowan
  6952 | D:6      | Killed Duvessa
  6952 | D:6      | Reached XP level 9. HP: 67/74 MP: 9/9
  6957 | D:6      | Killed Dowan
  7630 | D:7      | Found Lagysk's Assorted Antiques.
  7632 | D:7      | Noticed a green ugly thing
  7656 | D:7      | Killed a green ugly thing
  7656 | D:7      | Reached skill level 5 in Dodging
  8111 | D:7      | Noticed a troll
  8127 | D:7      | Killed a troll
  9419 | D:8      | Reached XP level 10. HP: 40/84 MP: 10/10
 10580 | D:9      | Reached skill level 1 in Long Blades
 10651 | D:9      | Found a staircase to the Orcish Mines.
 11083 | D:9      | Found Fug Nues's Antique Weapon Shop.
 11410 | D:10     | Entered Level 10 of the Dungeon
 12221 | D:9      | Killed an unseen horror
 12498 | D:10     | Noticed a death yak
 12499 | D:10     | Noticed a death yak
 12502 | D:10     | Noticed a death yak
 12770 | D:9      | Killed a death yak
 13093 | D:9      | Killed a death yak
 13093 | D:9      | Reached skill level 10 in Short Blades
 13093 | D:9      | Reached XP level 11. HP: 42/93 MP: 11/11
 13569 | D:10     | Noticed Sonja
 13612 | D:9      | Bought the +5 pair of quick blades "Gyre" and "Gimble"
                  | {pierce, Dex-3} for 1108 gold pieces
 13612 | D:9      | Found the +5 pair of quick blades "Gyre" and "Gimble"
                  | {pierce, Dex-3}
 13776 | D:10     | Noticed Sonja
 13776 | D:10     | Sonja changed into Sonja the fire bat
 13786 | D:10     | Killed Sonja the fire bat
 13853 | D:10     | Reached skill level 10 in Stealth
 13905 | D:10     | Noticed Josephine
 14244 | D:10     | Killed Josephine
 14343 | D:10     | Killed a death yak
 14555 | D:10     | Found a staircase to the Lair.
 14725 | D:11     | Killed an unseen horror
 14949 | D:11     | Noticed a two-headed ogre
 14993 | D:11     | Killed a two-headed ogre
 15063 | D:11     | Noticed Maurice
 15082 | D:11     | Killed Maurice
 15131 | D:11     | Reached XP level 12. HP: 97/103 MP: 12/12
 15464 | D:12     | Reached skill level 1 in Evocations
 15476 | D:12     | Noticed Psyche
 15497 | D:12     | Killed Psyche
 15503 | D:12     | Found an ancient bone altar of Kikubaaqudgha.
 15590 | D:12     | Noticed a five-headed hydra
 15617 | D:12     | Killed a five-headed hydra
 15624 | D:12     | Noticed an eight-headed hydra
 15652 | D:12     | Killed an eight-headed hydra
 15701 | D:12     | Noticed a great orb of eyes
 15705 | D:12     | Killed a great orb of eyes
 15728 | D:12     | Noticed Rupert
 15741 | D:12     | Paralysed by Rupert for 5 turns
 15751 | D:12     | Killed Rupert
 16060 | D:12     | Reached skill level 5 in Evocations
 16525 | D:13     | Got a pair of heavily runed gloves
 16531 | D:13     | Identified the +1 pair of gloves of Truth {Stlth+} (You
                  | found it on level 13 of the Dungeon)
 16882 | D:13     | Noticed a tengu warrior
 16904 | D:13     | Killed a tengu warrior
 17002 | D:13     | Reached skill level 10 in Fighting
 17181 | D:13     | Noticed a four-headed hydra
 17189 | D:13     | Killed a four-headed hydra
 17296 | D:13     | Reached XP level 13. HP: 113/113 MP: 17/17
 17804 | D:14     | Noticed Kirke
 17826 | D:14     | Noticed a sphinx
 17942 | D:14     | Killed Kirke
 18258 | D:14     | Found a gate to the Vaults.
 18293 | D:14     | Found an ancient bone altar of Kikubaaqudgha.
 18539 | D:14     | Noticed Roxanne
 19286 | D:15     | Entered Level 15 of the Dungeon
 19371 | D:15     | Found a white marble altar of Elyvilon.
 19987 | Lair:1   | Entered Level 1 of the Lair of Beasts
 19990 | Lair:1   | Bought a scroll labeled YXTIOH XUKY for 29 gold pieces
 19992 | Lair:1   | Bought a pair of crude boots for 266 gold pieces
 20002 | Lair:1   | Identified the +0 pair of boots of Muobbeh {rElec rC+ MP+9}
                  | (You bought it in a shop on level 1 of the Lair of Beasts)
 20120 | Lair:1   | Reached XP level 14. HP: 124/124 MP: 21/21
 20783 | Lair:2   | Found a staircase to the Swamp.
 21125 | Lair:2   | Found a hole to the Spider Nest.
 21140 | Lair:2   | Reached skill level 10 in Evocations
 21200 | Lair:2   | Found a shimmering altar of Xom.
 23019 | Lair:5   | Reached skill level 10 in Dodging
 23739 | Lair:6   | Entered Level 6 of the Lair of Beasts
 24569 | Lair:6   | Found a viscous altar of Jiyva.
 24569 | Lair:6   | Found a staircase to the Slime Pits.
 25245 | Lair:6   | Found a large runed door.
 25246 | Lair:6   | Found a large runed door.
 25288 | Lair:6   | Reached XP level 15. HP: 132/132 MP: 23/23
 26061 | Lair:1   | Bought a transparent cloak for 266 gold pieces
 26071 | Lair:1   | Identified the +1 cloak of Kikubaaqudgha's Envy {MR++} (You
                  | bought it in a shop on level 1 of the Lair of Beasts)
 26146 | Orc:1    | Entered Level 1 of the Orcish Mines
 26631 | Orc:2    | Entered Level 2 of the Orcish Mines
 27079 | Orc:1    | Noticed Nergalle
 27079 | Orc:1    | Noticed Snorg
 27103 | Orc:1    | Killed Snorg
 27117 | Orc:1    | Killed Nergalle
 27288 | Orc:1    | Found a transporter.
 27291 | Orc:1    | Found a transporter.
 27299 | Orc:1    | Noticed Daziep's ghost (journeyman GnAs)
 28517 | Orc:2    | Found a staircase to the Elven Halls.
 28558 | Orc:2    | Shot with a bolt by an orc knight

Vault maps used:
D:1:      ebering_trefoil_3fold, minmay_pentomino_w4
D:2:      first_ration, uniq_robin, uniq_natasha
D:3:      lemuel_castle_with_subvaults, st_stairs_8
D:4:      old_forge, minmay_temple_entry_butterflies, gammafunk_ghost_icy,
          minmay_bisected
D:5:      gammafunk_cloud_chamber, uniq_sigmund
D:6:      yredelemnul_altar_generic, serial_curves, eino_curves_04,
          eino_curves_03, led_sif_pool, uniq_duvessa
D:7:      serial_shops, shop
D:9:      david_orc_2, serial_shops, shop_fountains
D:10:     dpeg_lair_monsters, hangedman_fish_farm, uniq_sonja, uniq_josephine
D:11:     minmay_fire_ice_demons, uniq_maurice
D:12:     basic_altar, uniq_rupert, uniq_psyche
D:14:     wad_woods_stonehenge, lightli_vaults_fourway_checkpoint,
          grunt_ministairs_5, st_stairs_14, uniq_roxanne, uniq_kirke
D:15:     gammafunk_enter_depths_forms, elyvilon_altar_4
Temple:   kilobyte_greek_temple
Lair:1:   beast_lair_carwin_10
Lair:2:   minmay_swamp_entry_reptiles, nicolae_spider_entry_orb_guardian,
          basic_altar, lemuel_fruit_tree, serial_bayou_shore_a
Lair:6:   cheibrodos_lair_end_hotspot, slime_altar_1
Orc:1:    gammafunk_ghost_smash, uniq_snorg, uniq_nergalle
Orc:2:    st_orc_pillars

Skill      XL: |  1  2  3  4  5  6  7  8  9 10 11 12 13 14 15 |
---------------+----------------------------------------------+-----
Stealth        | 1 2 3 5 6 8 9 11 12 13 | 13.5
Dodging        | 2 3 4 5 6 7 8 9 10 | 10.9
Short Blades   | 3 4 5 7 8 10 11 12 13 | 13.7
Fighting       | 2 3 4 5 6 7 8 10 11 12 | 12.5
Long Blades    | 2 |  2.2
Evocations     | 6 9 11 12 | 12.6
Throwing       | |  1.7
Translocations | |  2.0
Earth Magic    | |  1.0

Action                   |  1- 3 |  4- 6 |  7- 9 | 10-12 | 13-15 || total
-------------------------+-------+-------+-------+-------+-------++-------
Melee: Short sword       |   127 |   229 |   685 |       |       ||  1041
       Tailslap          |    19 |    25 |   111 |    83 |   209 ||   447
       Unarmed           |       |     2 |       |       |       ||     2
       Dagger            |       |       |       |   143 |       ||   143
       Scimitar          |       |       |       |   129 |       ||   129
       Pair of quick bla |       |       |       |   393 |  1501 ||  1894
 Fire: Blowgun           |     4 |     6 |       |     2 |       ||    12
Throw: Throwing net      |       |       |       |     2 |       ||     2
Invok: Call Merchant     |       |       |     1 |       |     2 ||     3
 Abil: Breathe Steam     |       |       |    35 |    35 |    23 ||    93
       Evoke Invisibilit |       |       |       |       |    13 ||    13
Evoke: Wand              |       |     1 |     2 |    30 |    11 ||    44
  Use: Potion            |     3 |       |     1 |     3 |     3 ||    10
       Scroll            |       |       |    10 |    10 |     9 ||    29
 Stab: Invisible         |     2 |       |       |       |    70 ||    72
       Sleeping          |     1 |     2 |    10 |    26 |    48 ||    87
       Distracted        |       |       |     3 |     3 |    13 ||    19
  Eat: Chunk             |     1 |     6 |       |     1 |       ||     8
       Ration            |       |       |     8 |     8 |    13 ||    29
Armor: Skin              |    37 |    82 |   171 |   112 |   154 ||   556
Dodge: Dodged            |    91 |   144 |   387 |   417 |   481 ||  1520
       Rpst.: Scimitar   |       |       |       |    39 |       ||    39

Table legend:
 A = Non-vault XP
 B = Vault XP
 C = Vault XP percentage of total XP
 D = Non-vault monster count
 E = Vault monster count
 F = Vault count percentage of total count
                 A         B        C        D         E       F
            +---------+---------+-------+---------+---------+-------
      Total |   82148 |   43795 |  34.8 |     564 |     242 |  30.0
            +---------+---------+-------+---------+---------+-------
        D:1 |      22 |      49 |  69.0 |      15 |       7 |  31.8
        D:2 |      83 |      32 |  27.8 |      25 |      10 |  28.6
        D:3 |      52 |     752 |  93.5 |      11 |      56 |  83.6
        D:4 |     529 |     219 |  29.3 |      14 |      10 |  41.7
        D:5 |     202 |     223 |  52.5 |      15 |       1 |   6.2
        D:6 |    1255 |     234 |  15.7 |      26 |       2 |   7.1
        D:7 |    1532 |       0 |   0.0 |      19 |       0 |   0.0
        D:8 |    1159 |       0 |   0.0 |      23 |       0 |   0.0
        D:9 |    3305 |    2506 |  43.1 |      43 |      14 |  24.6
       D:10 |    1673 |    2859 |  63.1 |      30 |      10 |  25.0
       D:11 |    5111 |     545 |   9.6 |      40 |       3 |   7.0
       D:12 |    6228 |    3518 |  36.1 |      21 |       2 |   8.7
       D:13 |    5424 |     517 |   8.7 |      22 |       1 |   4.3
       D:14 |    8714 |    9570 |  52.3 |      33 |      24 |  42.1
       D:15 |    5635 |     323 |   5.4 |      12 |       1 |   7.7
     Lair:1 |    2362 |    1951 |  45.2 |      14 |      10 |  41.7
     Lair:2 |    4486 |     944 |  17.4 |      18 |       5 |  21.7
     Lair:3 |    2393 |       0 |   0.0 |      12 |       0 |   0.0
     Lair:4 |    3569 |       0 |   0.0 |      16 |       0 |   0.0
     Lair:5 |    5640 |       0 |   0.0 |      23 |       0 |   0.0
     Lair:6 |   14174 |    9425 |  39.9 |      47 |      30 |  39.0
      Orc:1 |    4350 |    1882 |  30.2 |      40 |       2 |   4.8
      Orc:2 |    4250 |    8246 |  66.0 |      45 |      54 |  54.5
            +---------+---------+-------+---------+---------+-------
